 Dungeon Crawl Stone Soup version 0.31-a0-925-g0a390f2509 (webtiles) character file.

Game seed: 2049759237058706741

84 omnomnOMINOUS the Twirler (level 4, -1/29 HPs)
             Began as an Octopode Wanderer on Oct 18, 2023.
             Splashed by a jelly's acid (10 damage)
             ... on level 3 of the Dungeon.
             The game lasted 00:03:08 (2384 turns).

omnomnOMINOUS the Twirler (Octopode Wanderer)       Turns: 2384, Time: 00:03:08

Health: -1/29      AC: -7    Str:  9    XL:     4   Next: 46%
Magic:  7/7        EV: 13    Int: 15    God:
Gold:   175        SH:  0    Dex: 14    Spells: 6/7 levels left

rFire   . . .        a - +2 quarterstaff
rCold   . . .        (shield currently unavailable)
rNeg    . . .        (helmet restricted)
rPois   .            (no amulet)
rElec   .            n - ring of flight
rCorr   .            (no ring)
SInv    .            (no ring)
Will    .....        (no ring)
Stlth   ++           (no ring)
HPRegen 0.24/turn    (no ring)
MPRegen 0.10/turn    (no ring)
                     (no ring)

%: no passive effects
@: corroded, flying
A: almost no armour, amphibious, 8 rings, camouflage 1, gelatinous body 1,
(nimble swimmer 1), tentacles
a: no special abilities


You were on level 3 of the Dungeon.
You visited 1 branch of the dungeon, and saw 3 of its levels.

You collected 175 gold pieces.

Inventory:

Hand Weapons
 a - a +2 quarterstaff (weapon)
 s - a +0 dagger of venom
Missiles
 b - 8 boomerangs (quivered)
Jewellery
 n - a ring of flight (left tentacle)
Scrolls
 d - a scroll of blinking
 e - a scroll of revelation {unknown}
 g - 2 scrolls of identify {unknown}
 h - 6 scrolls of teleportation {unknown}
 m - a scroll of vulnerability {unknown}
 o - a scroll of fog {unknown}
 p - a scroll of fear {unknown}
 q - a scroll of noise {unknown}
Potions
 c - 2 potions of lignification {unknown}
 f - a potion of mutation {unknown}
 i - 2 potions of curing
 j - a potion of degeneration {unknown}
 k - a potion of attraction {unknown}
 l - a potion of magic {unknown}
 r - a potion of enlightenment {unknown}


   Skills:
 + Level 2.2 Fighting
 + Level 3.6 Staves
 - Level 3.0 Throwing
 + Level 1.7 Dodging
 + Level 2.0 Spellcasting
 - Level 2.0 Translocations


You had 6 spell levels left.
You knew the following spells:

 Your Spells              Type           Power      Damage    Failure   Level
a - Apportation           Tloc           14%        N/A       10%         1

Your spell library contained the following spells:

 Spells                   Type           Power      Damage    Failure   Level
 Volatile Blastmotes      Fire/Tloc      8%         2d10      41%         3


Dungeon Overview and Level Annotations

Branches:
Dungeon (3/15)

Altars:


Innate Abilities, Weirdness & Mutations

You cannot wear most types of armour.
You are amphibious.
You can wear up to eight rings at the same time.
Your skin changes colour to match your surroundings (Stealth+).
Your rubbery body absorbs attacks. (AC +1, EV +1)
((You are camouflaged when in or above water. (Stealth+)))
You have tentacles for arms and can constrict up to eight enemies at once.


Message History

You see here a +0 spear.
i - 3 metallic pink potions (gained 1)
There is an open door here.
A kobold comes into view. It is wielding a +0 whip.
The kobold shouts!
The kobold hits you with a +0 whip.
You hit the kobold. You grab the kobold.
The kobold is moderately wounded.
You constrict the kobold, but do no damage.
The kobold hits you with a +0 whip.
You hit the kobold.
You kill the kobold!
No target in view!
No target in view!
Things that are here:
a +0 whip; 2 stones; a kobold corpse You reach down and open the door.
Found two goblin skeletons and a rat skeleton. 6 endoplasms and 3 jellies come into view.
Found a goblin skeleton, a hobgoblin skeleton and 21 gold pieces.
The endoplasm quivers. x2
There is an open door here.
The jelly quivers.
The endoplasm quivers.
There is an open door here.
You sock the endoplasm!
You kill the endoplasm!
You hit the endoplasm. You squeeze the endoplasm.
You kill the endoplasm!
You hit the jelly.
Your tentacles burn!
The jelly is lightly wounded.
The jelly hits you. The acid corrodes you!
You are splashed with acid!
You hit the jelly.
Your tentacles burn!
The jelly is heavily wounded.
Something completely misses the fungus.
The jelly hits you.
You are splashed with acid!
* * * LOW HITPOINT WARNING * * *
It was a potion of curing.
You feel better.
Something hits the fungus.
The fungus begins to die.
The jelly hits you. The acid corrodes you!
You are splashed with acid!
You die...

#.# ##.....###..# #.#
#....)..##..# #.#
#.......##..#
#.###.......##..#
#..##.......##..##
########....###..####
##..'....# #....<#
#######.########
#.....#
#....###...).@##
#.....###### #.####
#######J# #..........#
#.#
.P..JP.P.##†....##.#.#
#.####
..÷P.P..÷##.....♣♣.♣♣#
#....#
...P.J.÷.##.....♣♣.♣
###<##
.P.J.P.P.###.###♣♣.♣♣
#.# JP.P...P.# #.#
♣..P♣ #.# $.JPJ.JP÷#
#.# ♣♣.♣♣# #.#
########## #.# #...##


You could see a jelly.

Vanquished Creatures
  2 adders (D:2)
  2 worms (D:2)
  5 dart slugs
  5 bats
  6 endoplasms
  2 giant cockroaches
  7 goblins
  3 hobgoblins
  10 kobolds
  A quokka (D:1)
  3 ball pythons
  4 frilled lizards
  2 rats
52 creatures vanquished.

Notes
Turn   | Place    | Note
-------+----------+-------------------------------------------
     0 | D:1      | omnomnOMINOUS the Octopode Wanderer began the quest for the
                  | Orb.
     0 | D:1      | omnomnOMINOUS set off with the following items: a +2
                  | quarterstaff, 8 boomerangs, a +0 dagger, a scroll of
                  | blinking; and the following spell memorised: Apportation;
                  | and the following spells available to memorise: Volatile
                  | Blastmotes.
     0 | D:1      | Reached XP level 1. HP: 13/13 MP: 2/2
   249 | D:1      | Reached XP level 2. HP: 18/18 MP: 3/3
   597 | D:1      | Reached skill level 1 in Dodging
   617 | D:1      | Reached XP level 3. HP: 15/23 MP: 5/5
   955 | D:2      | Noticed a shining eye
   959 | D:2      | Noticed an eye of devastation
   961 | D:2      | Found a faded altar of an unknown god.
   963 | D:2      | Noticed a golden eye
   967 | D:2      | Noticed a floating eye
  1205 | D:2      | Reached XP level 4. HP: 10/29 MP: 6/6
  2384 | D:3      | Splashed by a jelly's acid

Illustrated notes

Levels and vault maps discovered:
D:1:      roadster_arrival_rocket_small, layout_loops_ring, dk_noncrumbling_2,
          kennysheep_boxes
D:2:      layout_loops_ring, hellmonk_ecumenical_altar_watching_god
D:3:      cheibrodos_fertilizer, layout_loops_ring, serial_forest,
          infiniplex_forest_split, infiniplex_forest_corner_1,
          infiniplex_forest_straight_4, infiniplex_forest_diagonal,
          infiniplex_forest_lined_3_way

Skill      XL: |  1  2  3  4 |
---------------+-------------+-----
Dodging        | 1 |  1.7
Fighting       | 2 |  2.2
Spellcasting   | 2 |  2.0
Staves         | |  3.6
Throwing       | |  3.0
Translocations | |  2.0

Action                     |  1- 3 |  4- 6 || total
---------------------------+-------+-------++-------
  Melee: Quarterstaff      |    55 |    39 ||    94
         Constrict         |    18 |     6 ||    24
         Punch             |     1 |       ||     1
         Tentacles         |     9 |     3 ||    12
    Use: Potion            |       |     1 ||     1
   Stab: Sleeping          |     4 |     3 ||     7
 Armour: Skin              |    22 |    16 ||    38
  Dodge: Dodged            |    23 |    19 ||    42

Table legend: (Time is in decaauts)
 A = Elapsed time spent in this place.
 B = Non-inter-level travel time spent in this place.
 C = Inter-level travel time spent in this place.
 D = Time resting spent in this place.
 E = Time spent auto-exploring this place.
 F = Levels seen in this place.
 G = Mean time per level.
                   A        B        C        D        E       F      G
               +--------+--------+--------+--------+--------+-----+--------+
         Total |   2395 |   2343 |     52 |    182 |   1772 |   3 |  798.3 |
       Dungeon |   2395 |   2343 |     52 |    182 |   1772 |   3 |  798.3 |
               +--------+--------+--------+--------+--------+-----+--------+

Top non-repeatable levels by time:
     D:1: 959 daAuts
     D:2: 752 daAuts
     D:3: 683 daAuts
